 Dungeon Crawl Stone Soup version 0.18.1-48-g4cf74bf (webtiles) character file.

8136 Kook the Fighter (level 11, 14/95 HPs)
             Began as a Green Draconian Fire Elementalist on June 30, 2016.
             Was a High Priest of Vehumet.
             Quit the game on level 1 of the Lair of Beasts.
             The game lasted 00:56:44 (13868 turns).

Kook the Fighter (DrFE)                            Turns: 13868, Time: 00:56:44

Health: 14/95      AC:  7    Str: 13    XL:     11   Next: 5%
Magic:  5/22       EV: 13    Int: 19    God:    Vehumet [*****.]
Gold:   530        SH:  0    Dex: 15    Spells: 6 memorised, 8 levels left

rFire  + . .     SeeInvis +     F - +0 scimitar
rCold  + + .     Gourm    .     (armour unavailable)
rNeg   . . .     Faith    .     (no shield)
rPois  +         Spirit   .     (helmet restricted)
rElec  .         Dismiss  .     (no cloak)
rCorr  .         Reflect  .     (no gloves)
SustAt .         Harm     .     (no boots)
MR     .....                    (no amulet)
Stlth  ++........               m - ring of Sigon {rC++ Str+3 Dex+3 SInv}
                                g - ring of protection from fire

@: heavily drained, not resistant to hostile enchantments, unstealthy
A: breathe noxious fumes, unfitting armour, poison resistance, cold-blooded, AC
+7
a: Breathe Noxious Fumes, Renounce Religion


You were on level 1 of the Lair of Beasts.
You worshipped Vehumet.
Vehumet was extremely pleased with you.
You were not hungry.

You visited 3 branches of the dungeon, and saw 12 of its levels.

You collected 728 gold pieces.
You spent 198 gold pieces at shops.

Inventory:

Hand Weapons
 k - a +0 long sword
 F - a +0 scimitar (weapon)
Magical Staves
 I - an uncursed staff of cold
Jewellery
 g - a ring of protection from fire (left hand)
 m - the ring of Sigon (right hand) {rC++ Str+3 Dex+3 SInv}
   (You found it on level 4 of the Dungeon)

   [ring of dexterity]

   It affects your strength (+3).
   It affects your dexterity (+3).
   It greatly protects you from cold.
   It lets you see invisible.
 x - a +4 ring of dexterity
 B - a cursed amulet of inaccuracy {unknown}
 C - the amulet of Ishysuyd {+Blink +Rage rPois rC++ Int-2, unknown}
   (You found it on level 9 of the Dungeon)

   [amulet of rage]

   It affects your intelligence (-2).
   It greatly protects you from cold.
   It protects you from poison.
   It lets you blink.
   It lets you go berserk.
 E - an uncursed ring of flight {unknown}
 G - an uncursed ring of protection from magic {unknown}
 L - an uncursed ring of positive energy {unknown}
 S - the ring of the Equinox {rC- Int+6 Stlth+, unknown}
   (You found it on level 1 of the Lair of Beasts)

   [ring of stealth]

   It affects your intelligence (+6).
   It makes you vulnerable to cold.
   It makes you more stealthy.
Wands
 q - a wand of flame (13/48)
 v - a wand of flame (19/48)
 M - a wand of teleportation (5/9)
Scrolls
 c - 4 scrolls of enchant armour
 p - a scroll of magic mapping
 w - 3 scrolls of remove curse
 y - 2 scrolls of amnesia
 J - 4 scrolls of identify
 P - a scroll of summoning {unknown}
Potions
 d - 2 potions of lignification
 e - 2 potions of heal wounds
 f - 2 potions of curing
 h - a potion of cancellation
 i - a potion of flight
 j - 5 potions of degeneration {unknown}
 l - 2 potions of brilliance {unknown}
 t - a potion of beneficial mutation {unknown}
 u - a potion of agility {unknown}
 z - 3 potions of ambrosia {unknown}
 D - a potion of might {unknown}
 K - a potion of cure mutation {unknown}
 N - a potion of haste {unknown}
 R - 2 potions of magic {unknown}
Books
 a - a book of Flames

   Spells                             Type                      Level
   a - Flame Tongue                   Conjuration/Fire             1
   b - Throw Flame                    Conjuration/Fire             2
   c - Conjure Flame                  Conjuration/Fire             3
   d - Inner Flame                    Hexes/Fire                   3
   e - Sticky Flame                   Conjuration/Fire             4
   f - Fireball                       Conjuration/Fire             5
 n - a book of Transfigurations

   Spells                             Type                      Level
   a - Irradiate                      Conjuration/Transmutation    5
   b - Statue Form                    Transmutation/Earth          6
   c - Hydra Form                     Transmutation                6
   d - Dragon Form                    Transmutation                7
Miscellaneous
 O - a lamp of fire
 Q - a plain deck of defence
Comestibles
 b - 3 meat rations
 o - 6 bread rations
 r - a slice of pizza
 s - 27 fruits
 A - a beef jerky
 H - 2 royal jellies


   Skills:
 * Level 8.9(7.4) Fighting
 + Level 4.0(2.7) Long Blades
 + Level 4.5(3.2) Dodging
 - Level 1.7(0.5) Stealth
 * Level 7.6(6.1) Spellcasting
 * Level 8.0(6.6) Conjurations
 * Level 8.4(6.9) Fire Magic


You had 8 spell levels left.
You knew the following spells:

 Your Spells              Type           Power        Failure   Level  Hunger
a - Flame Tongue          Conj/Fire      ####.        1%          1    None
b - Throw Flame           Conj/Fire      ####..       1%          2    None
c - Conjure Flame         Conj/Fire      ####....     1%          3    ##.....
d - Sticky Flame          Conj/Fire      ####....     2%          4    ####...
e - Searing Ray           Conj           ####..       1%          2    None
f - Fireball              Conj/Fire      ####......   5%          5    #####..


Dungeon Overview and Level Annotations

Branches:
Dungeon (10/15)            Temple (1/1) D:4            Lair (1/8) D:8
    Orc: D:9-12

Altars:
Ashenzari
Cheibriados
Dithmenos
Elyvilon
Fedhas
Gozag
Kikubaaqudgha
Makhleb
Nemelex Xobeh
Okawaru
Pakellas
Qazlal
Ru
Sif Muna
Trog
Vehumet
Xom
Yredelemnul
Zin
The Shining One

Shops:
D:6 *

Annotations:
D:4 mbhome's ghost, amateur DrFE
Lair:1 Kook's ghost, journeyman DrWz


Innate Abilities, Weirdness & Mutations

You can breathe blasts of noxious fumes.
Your lurid green scales are hard (AC +7).
Your body does not fit into most forms of armour.
Your system is resistant to poisons.
You are cold-blooded and may be slowed by cold attacks.


Message History

Aim: a river rat (heavily wounded)
The flame tongue hits the river rat.
You kill the river rat!
Vehumet accepts your kill.
You feel your power returning.
The river rat bites you but does no damage.
The river rat closely misses you.
Casting: Flame Tongue
Confirm with . or Enter, or press ? or * to list all spells.
Aiming: Flame Tongue
Press: ? - help, Shift-Dir - straight line, f/p - river rat
Aim: a river rat (heavily wounded)
The flame tongue hits the river rat.
You kill the river rat!
Vehumet accepts your kill.
You feel your power returning. The river rat completely misses you.
The river rat barely misses you.
Quiver which item? (- for none, * to show all) (? for menu, Esc to quit)
Okay, then.
Are you sure you want to abandon this character and quit the game? (Confirm with "yes".)

##....$>.:
#.......r#
##.#.#.#.#
#........##
##.#.#.#..###
#...>.......##
##.#.#.#.....#
#....r?r.......
##.#$#@##......
###.### ...###
# .(}# ###


You could see 2 river rats.

Vanquished Creatures
  A tengu conjurer (D:9)
  3 trolls
  A shadow (D:10)
  5 yaks (Lair:1)
  3 hippogriffs
  Menkaure (D:6)
  2 water moccasins
  Duvessa (D:5)
  4 black bears
  5 sky beasts
  An ice beast (D:7)
  6 orc warriors
  2 phantoms
  3 ogres
  An eye of draining (D:9)
  A necrophage (D:9)
  3 centaurs
  A crocodile (D:8)
  A big kobold (D:10)
  10 giant frogs
  4 scorpions
  Dowan (D:5)
  4 killer bees (D:8)
  4 wights (D:9)
  2 howler monkeys
  2 giant frog zombies
  A centaur zombie (D:6)
  6 crimson imps
  5 hounds
  2 giant frog skeletons
  4 orc priests
  4 jellies
  10 orc wizards
  A centaur skeleton (D:7)
  6 iguanas
  11 worker ants
  A killer bee zombie (D:5)
  A hound zombie (D:8)
  A hound skeleton (D:8)
  2 worker ant zombies
  10 gnolls
  A howler monkey skeleton (D:9)
  11 river rats (Lair:1)
  8 adders
  A shadow imp (D:9)
  2 oozes
  An adder zombie (D:6)
  2 adder skeletons (D:9)
  3 worms
  4 dart slugs
  7 giant geckos
  33 orcs
  10 bats
  7 giant cockroaches
  8 goblins
  7 hobgoblins
  13 jackals
  2 quokkas
  8 giant newts
  8 kobolds
  A quokka zombie (D:5)
  9 rats
  A spectral orc (D:3)
284 creatures vanquished.

Vanquished Creatures (others)
  2 river rats (Lair:1)
  2 fungi
4 creatures vanquished.

Grand Total: 288 creatures vanquished

Notes
Turn   | Place    | Note
--------------------------------------------------------------
     0 | D:1      | Kook the Draconian Fire Elementalist began the quest for the Orb.
     0 | D:1      | Reached XP level 1. HP: 14/14 MP: 3/3
   385 | D:1      | Reached XP level 2. HP: 16/22 MP: 1/5
   873 | D:1      | Reached skill level 1 in Fighting
  1011 | D:1      | Reached XP level 3. HP: 28/28 MP: 3/6
  2103 | D:2      | Reached XP level 4. HP: 28/36 MP: 4/8
  2149 | D:2      | Learned a level 2 spell: Throw Flame
  2153 | D:2      | Learned a level 3 spell: Conjure Flame
  2938 | D:3      | Reached XP level 5. HP: 42/42 MP: 6/9
  3126 | D:3      | Found a basalt altar of Yredelemnul.
  3629 | D:4      | Found a staircase to the Ecumenical Temple.
  3638 | Temple   | Entered the Ecumenical Temple
  3645 | Temple   | Became a worshipper of Vehumet
  3716 | D:4      | Reached XP level 6. HP: 51/51 MP: 1/11
  3956 | D:4      | Learned a level 4 spell: Sticky Flame
  3960 | D:4      | Noticed mbhome's ghost (amateur DrFE)
  4274 | D:4      | Got a vibrating bronze ring
  4275 | D:4      | Found an oddly glowing altar of Pakellas.
  4427 | D:4      | Found a burning altar of Makhleb.
  4630 | D:4      | Found an ancient bone altar of Kikubaaqudgha.
  4742 | D:4      | Your scales start taking on a lurid green colour.
  4742 | D:4      | Reached XP level 7. HP: 48/57 MP: 0/13
  4742 | D:4      | Gained mutation: Your system is resistant to poisons. [Green Draconian growth]
  5029 | D:4      | Reached * piety under Vehumet
  5029 | D:4      | Offered knowledge of Freeze by Vehumet.
  5525 | D:5      | Entered Level 5 of the Dungeon
  5721 | D:5      | Reached skill level 5 in Fire Magic
  6074 | D:5      | Noticed Dowan
  6076 | D:5      | Noticed Duvessa
  6084 | D:5      | Killed Dowan
  6084 | D:5      | Reached XP level 8. HP: 58/67 MP: 5/15
  6089 | D:5      | Killed Duvessa
  6089 | D:5      | Reached skill level 5 in Spellcasting
  6431 | D:5      | Reached skill level 5 in Fighting
  6769 | D:5      | Reached skill level 5 in Conjurations
  6801 | D:5      | Found a shattered altar of Ashenzari.
  6877 | D:5      | Identified the ring of Sigon {rC++ Str+3 Dex+3 SInv} (You found it on level 4 of the Dungeon)
  6901 | D:6      | Noticed Menkaure
  6905 | D:6      | Killed Menkaure
  7137 | D:6      | Reached ** piety under Vehumet
  7137 | D:6      | Offered knowledge of Sandblast by Vehumet.
  7291 | D:6      | Found a glowing golden altar of the Shining One.
  7299 | D:6      | Found Surepum's Assorted Antiques.
  7306 | D:6      | Bought a tiny jasper amulet for 165 gold pieces
  7306 | D:6      | Bought a scroll labeled ZASCHA KYOX for 33 gold pieces
  8176 | D:7      | Reached XP level 9. HP: 58/75 MP: 17/17
  8501 | D:7      | Reached skill level 1 in Long Blades
  8532 | D:7      | Offered knowledge of Searing Ray by Vehumet.
  8536 | D:7      | Learned a level 2 spell: Searing Ray
  8979 | D:7      | Noticed a troll
  9007 | D:7      | Killed a troll
  9427 | D:8      | Found a staircase to the Lair.
  9439 | D:8      | Reached *** piety under Vehumet
  9701 | D:8      | Offered knowledge of Force Lance by Vehumet.
  9988 | D:8      | Found a sacrificial altar of Ru.
 10079 | D:8      | Reached XP level 10. HP: 22/86 MP: 4/19
 10863 | D:9      | Found a shimmering altar of Xom.
 11010 | D:9      | Reached **** piety under Vehumet
 11279 | D:9      | Offered knowledge of Bolt of Draining by Vehumet.
 11476 | D:9      | Got a steaming golden amulet
 12086 | D:10     | Entered Level 10 of the Dungeon
 12572 | D:10     | Reached ***** piety under Vehumet
 12905 | D:10     | Offered knowledge of Iskenderun's Mystic Blast by Vehumet.
 13499 | Lair:1   | Entered Level 1 of the Lair of Beasts
 13519 | Lair:1   | Got a scorched brass ring
 13534 | Lair:1   | Reached XP level 11. HP: 78/95 MP: 15/22
 13756 | Lair:1   | Learned a level 5 spell: Fireball
 13826 | Lair:1   | Noticed Kook's ghost (journeyman DrWz)
 13868 | Lair:1   | Quit the game

Skill      XL: |  1  2  3  4  5  6  7  8  9 10 11 |
---------------+----------------------------------+-----
Fighting       | 1 2 3 4 6 7 8 |  8.9
Conjurations   | 2 3 4 5 6 7 8 |  8.0
Spellcasting   | 3 4 5 6 7 |  7.6
Fire Magic     | 4 5 6 7 8 |  8.4
Dodging        | 2 3 4 |  4.5
Long Blades    | 2 4 |  4.0
Stealth        | |  1.7

Action                   |  1- 3 |  4- 6 |  7- 9 | 10-12 || total
-------------------------+-------+-------+-------+-------++-------
Melee: Dagger            |    66 |    38 |       |       ||   104
       Unarmed           |     6 |       |       |       ||     6
       Tailslap          |     8 |     3 |    17 |    16 ||    44
       Long sword        |       |     4 |    53 |       ||    57
       Scimitar          |       |       |    61 |    57 ||   118
 Cast: Flame Tongue      |    74 |   134 |   285 |   223 ||   716
       Conjure Flame     |       |     5 |    15 |    20 ||    40
       Throw Flame       |       |       |     9 |     3 ||    12
       Sticky Flame      |       |       |     6 |     5 ||    11
 Abil: Breathe Noxious F |       |       |     9 |     6 ||    15
Evoke: Wand              |       |       |       |     1 ||     1
  Use: Scroll            |     2 |     4 |     2 |     7 ||    15
       Potion            |       |       |       |     1 ||     1
 Stab: Sleeping          |       |       |     3 |     2 ||     5
       Confused          |       |       |       |     2 ||     2
  Eat: Bread ration      |     1 |       |       |       ||     1
       Chunk             |       |     8 |    20 |    14 ||    42
Armor: Skin              |    43 |    24 |    73 |    30 ||   170
Dodge: Dodged            |    93 |    39 |   186 |    91 ||   409
